 Dungeon Crawl Stone Soup version 0.31-a0-431-g88bdf31460 (webtiles) character file.

Game seed: 7161852461636698924

168 CraigForest the Ruffian (level 5, -2/29 HPs)
             Began as a Gargoyle Shapeshifter on July 31, 2023.
             Slain by an iguana (4 damage)
             ... on level 4 of the Dungeon.
             The game lasted 00:11:06 (2823 turns).

CraigForest the Ruffian (Gargoyle Shapeshifter)     Turns: 2823, Time: 00:11:06

Health: -2/29      AC: 12    Str: 20    XL:     5   Next: 49%
Magic:  5/5        EV:  8    Int:  9    God:
Gold:   155        SH:  0    Dex: 10    Spells: 4/4 levels left

rFire   . .          .
                       - Unarmed
rCold   . . .        (no shield)
rNeg    + . .        e - +0 chain mail
rPois   ∞            h - melded +1 hat
rElec   +            m - melded +0 cloak
rCorr   .            (gloves currently unavailable)
SInv    .            k - melded +0 pair of boots
Will    .....        (no amulet) Stlth
                     (no ring)
HPRegen 0.24/turn    (no ring)
MPRegen 0.09/turn

%: no passive effects
@: beast-form
A: beast (slay +2), sickness immunity, AC +4, negative energy resistance 1,
electricity resistance, torment resistance 1, petrification resistance
a: Begin Untransformation


You were on level 4 of the Dungeon.
You were a hulking beast.
You visited 1 branch of the dungeon, and saw 4 of its levels.

You collected 155 gold pieces.

Inventory:

Missiles
 s - 5 curare-tipped darts (quivered)
 t - 3 poisoned darts
Armour
 e - a +0 chain mail (worn)
 h - a +1 hat (melded)
 k - a +0 pair of boots (melded)
 m - a +0 cloak (melded)
 u - a scarf of repulsion
Jewellery
 j - a ring of magical power
Talismans
 c - a beast talisman (active)
Scrolls
 a - a scroll of enchant armour {unknown}
 d - a scroll of torment {unknown}
 i - 9 scrolls of identify {unknown}
 l - a scroll of poison {unknown}
 n - 3 scrolls of revelation {unknown}
 q - 3 scrolls of enchant weapon {unknown}
 r - a scroll of brand weapon {unknown}
Potions
 b - 2 potions of lignification
 f - 4 potions of heal wounds {unknown}
 g - 3 potions of degeneration {unknown}
 o - a potion of might {unknown}
 p - 2 potions of curing {unknown}


   Skills:
 - Level 1.1 Fighting
 + Level 1.7 Armour
 + Level 1.7 Dodging
 + Level 4.4 Unarmed Combat
 + Level 3.3 Shapeshifting


You had 4 spell levels left.
You didn't know any spells.
Your spell library contained the following spells:

 Spells                   Type           Power      Damage    Failure   Level
 Ensorcelled Hibernation  Hex/Ice        0%         N/A       99%         2
 Passwall                 Tmut/Erth      0%         N/A       99%         2
 Dazzling Flash           Conj/Hex       0%         N/A       100%        3
 Gell's Gravitas          Tloc           0%         N/A       100%        3
 Ignite Poison            Fire/Tmut/Pois 0%         N/A       100%        3
 Swiftness                Air            0%         N/A       100%        3
 Teleport Other           Tloc           0%         N/A       100%        3
 Sticky Flame             Conj/Fire      0%         2d3       100%        4
 Agony                    Necr           0%         N/A       100%        5
 Silence                  Hex/Air        0%         N/A       100%        5
 Dispersal                Tloc           0%         N/A       100%        6
 Ignition                 Fire           0%         3d3       100%        8


Dungeon Overview and Level Annotations

Branches:
Dungeon (4/15)
 Temple: D:4-7

Altars:


Innate Abilities, Weirdness & Mutations

You are a hulking beast.
Your limbs bulge with bestial killing power. (Slay +2)
You are immune to sickness and miasma.
Your stone body is resilient. (AC +4)
You are immune to poison.
You resist negative energy. (rN+)
You are resistant to electric shocks. (rElec)
You are resistant to unholy torment.
You are immune to petrification.


Message History

You hit the iguana.
The iguana is lightly wounded.
The iguana bites you!
You hit the iguana.
The iguana is moderately wounded.
An iguana is nearby!
You completely miss the iguana.
The iguana is moderately wounded.
The iguana barely misses you.
You hit the iguana but do no damage.
The iguana is moderately wounded.
The iguana bites you.
You hit the iguana but do no damage.
The iguana is moderately wounded.
The iguana barely misses you.
You hit the iguana.
The iguana is heavily wounded.
The iguana closely misses you.
You barely miss the iguana.
The iguana is heavily wounded.
The iguana bites you!
You are too injured to fight recklessly!
You are too injured to fight recklessly!
You are too injured to fight recklessly!
You are too injured to fight recklessly!
You are too injured to fight recklessly!
You are too injured to fight recklessly!
You are too injured to fight recklessly!
You hit the iguana but do no damage.
The iguana is heavily wounded.
The iguana barely misses you.
You hit the iguana.
The iguana is heavily wounded.
The iguana closely misses you.
You hit the iguana but do no damage.
The iguana is heavily wounded.
The iguana bites you!
* * * LOW HITPOINT WARNING * * *
The iguana attacks as you move away! The iguana bites you.
You die...

#.######## #. #.# #.
###.### # .##
......# #...#
....#.# #.#.#
#####.# #...# ##.##
#.#
##...############.##
#.............hl...#
#....############..#
#.#.## ##########..#
#.#.# #........#..#
#.#.####.######.#..#
#.#..........##.#..#
######.###<##.#..#
#.# #.##.#..# #.#
#.##.#..#


You could see an iguana.

Vanquished Creatures
  Natasha (D:4)
  4 adders
  A worm (D:2)
  4 dart slugs
  13 orcs
  6 bats
  6 endoplasms
  A giant cockroach (D:2)
  9 goblins
  8 hobgoblins
  5 jackals (D:2)
  3 quokkas
  6 ball pythons
  3 frilled lizards
  5 kobolds
  3 rats
78 creatures vanquished.

Notes
Turn   | Place    | Note
-------+----------+-------------------------------------------
     0 | D:1      | CraigForest the Gargoyle Shapeshifter began the quest for
                  | the Orb.
     0 | D:1      | Reached XP level 1. HP: 12/12 MP: 1/1
   199 | D:1      | Reached XP level 2. HP: 15/16 MP: 2/2
   319 | D:1      | You fall into a shaft and drop 1 floor!
   460 | D:2      | Reached XP level 3. HP: 14/20 MP: 3/3
   895 | D:2      | Reached XP level 4. HP: 25/25 MP: 4/4
  1190 | D:1      | Reached skill level 1 in Armour
  1625 | D:3      | Reached skill level 4 in Unarmed Combat
  2141 | D:3      | Reached XP level 5. HP: 29/29 MP: 5/5
  2668 | D:4      | Noticed Natasha
  2671 | D:4      | Killed Natasha
  2818 | D:4      | HP: 1/29 [iguana (9)]
  2823 | D:4      | Slain by an iguana

Illustrated notes

Levels and vault maps discovered:
D:1:      roderic_dead_forest, layout_basic
D:2:      layout_basic, minmay_surrounded
D:3:      kennysheep_the_goblin_king, layout_loops_ring
D:4:      layout_loops_ring, lemuel_doored_altar, kennysheep_mini,
          minmay_misc_feat_pillars, chequers_serial_rivers_small_b, uniq_natasha

Skill      XL: |  1  2  3  4 |
---------------+-------------+-----
Shapeshifting  | 3 |  3.3
Armour         | 1 |  1.7
Unarmed Combat | 4 |  4.4
Fighting       | |  1.1
Dodging        | |  1.7

Action                     |  1- 3 |  4- 6 || total
---------------------------+-------+-------++-------
  Melee: Unarmed           |    91 |   129 ||   220
         Punch             |     3 |     3 ||     6
  Throw: Dart              |       |     2 ||     2
Ability: Begin Untransform |       |     1 ||     1
   Stab: Sleeping          |     1 |       ||     1
 Armour: Animal skin       |     6 |       ||     6
         Chain mail        |    36 |    66 ||   102
  Dodge: Dodged            |    37 |    52 ||    89
   Form: Beast             |       |     1 ||     1

Table legend: (Time is in decaauts)
 A = Elapsed time spent in this place.
 B = Non-inter-level travel time spent in this place.
 C = Inter-level travel time spent in this place.
 D = Time resting spent in this place.
 E = Time spent auto-exploring this place.
 F = Levels seen in this place.
 G = Mean time per level.
                   A        B        C        D        E       F      G
               +--------+--------+--------+--------+--------+-----+--------+
         Total |   2812 |   2357 |    455 |    100 |   1659 |   4 |  703.0 |
       Dungeon |   2812 |   2357 |    455 |    100 |   1659 |   4 |  703.0 |
               +--------+--------+--------+--------+--------+-----+--------+

Top non-repeatable levels by time:
     D:1: 924 daAuts
     D:3: 782 daAuts
     D:2: 709 daAuts
     D:4: 395 daAuts
